PCL
SPOKANE TRAPPERS @ LANSING LUGNUTS
07/21/2024
 
TOP OF THE 1ST
Spokane Trappers batting - Pitching for Lansing Lugnuts : RHP Joo-hyun Chong
Pitching: RHP Joo-hyun Chong
Batting: LHB Jaime Padilla 0-0: Ball
1-0: Ball
2-0: Called Strike
2-1: Ball
3-1: Foul Ball, location: 2F
3-2: SINGLE (Line Drive, 34D)
Batting: RHB John Craig Pickoff Throw to First - Error! E1
Jaime Padilla to second
0-0: Called Strike
0-1: Swinging Strike
0-2: Strikes out looking
Batting: RHB Pedro Rodríguez 0-0: Ball
1-0: Ball
Balk!
Jaime Padilla to third
2-0: Swinging Strike
2-1: Swinging Strike
2-2: Ball
3-2: Foul Ball, location: 2F
3-2: Strikes out swinging
Batting: SHB Esteban Silva 0-0: Ground out 4-3 (Groundball, 4)
Top of the 1st over - 0 run(s), 1 hit(s), 1 error(s), 1 left on base; Spokane 0 - Lansing 0
BOTTOM OF THE 1ST
Lansing Lugnuts batting - Pitching for Spokane Trappers : RHP Andrew Kirk
Pitching: RHP Andrew Kirk
Batting: LHB Sam Barnes 0-0: Called Strike
0-1: Ball
1-1: Foul Ball, location: 2F
1-2: Strikes out swinging
Batting: RHB Jeff Packard 0-0: Ball
1-0: Ground out 6-3 (Groundball, 6S)
Batting: RHB Júlio Caraballo 0-0: Ball
1-0: Foul Ball, location: 2F
1-1: Foul Ball, location: 2F
1-2: Ball
2-2: Fly out, F7 (Flyball, 7M)
Bottom of the 1st over - 0 run(s), 0 hit(s), 0 error(s), 0 left on base; Spokane 0 - Lansing 0
TOP OF THE 2ND
Spokane Trappers batting - Pitching for Lansing Lugnuts : RHP Joo-hyun Chong
Batting: LHB José Feliciano 0-0: Foul Ball, location: 2F
0-1: Ground out 1-3 (Groundball, 13S)
Batting: RHB Ramiro Ross 0-0: Ground out 5-3 (Groundball, 56)
Batting: LHB Pete Carter 0-0: Ball
1-0: Reached on error, E4 (Groundball, 4)
Batting: LHB Fernando Pérez 0-0: Called Strike
0-1: Ball
1-1: Swinging Strike
1-2: Fly out, F7 (Flyball, 7D)
Top of the 2nd over - 0 run(s), 0 hit(s), 1 error(s), 1 left on base; Spokane 0 - Lansing 0
BOTTOM OF THE 2ND
Lansing Lugnuts batting - Pitching for Spokane Trappers : RHP Andrew Kirk
Batting: LHB Ricardo Romero 0-0: Called Strike
0-1: Ball
1-1: Ball
2-1: Fly out, F4 (Popup, 4D)
Batting: LHB Francisco Marino 0-0: Foul Ball, location: 2F
0-1: Called Strike
0-2: Foul Ball, location: 2F
0-2: Ball
1-2: Ball
2-2: Foul Ball, location: 2F
2-2: Strikes out swinging
Batting: RHB Phil Matthews 0-0: Called Strike
0-1: Foul Ball, location: 2F
0-2: Ball
1-2: Ball
2-2: Ball
3-2: Strikes out looking
Bottom of the 2nd over - 0 run(s), 0 hit(s), 0 error(s), 0 left on base; Spokane 0 - Lansing 0
TOP OF THE 3RD
Spokane Trappers batting - Pitching for Lansing Lugnuts : RHP Joo-hyun Chong
Batting: RHB Ernesto Acosta 0-0: Foul Ball, location: 2F
0-1: Ball
1-1: Foul Ball, location: 2F
1-2: Strikes out swinging
Batting: LHB Jaime Padilla 0-0: Called Strike
0-1: Swinging Strike
0-2: Strikes out swinging
Batting: RHB John Craig 0-0: Ground out 5-3 (Groundball, 5L)
Top of the 3rd over - 0 run(s), 0 hit(s), 0 error(s), 0 left on base; Spokane 0 - Lansing 0
BOTTOM OF THE 3RD
Lansing Lugnuts batting - Pitching for Spokane Trappers : RHP Andrew Kirk
Batting: RHB Sadao Kimura 0-0: Foul Ball, location: 2F
0-1: Swinging Strike
0-2: Ball
1-2: Strikes out swinging
Batting: RHB Matt Silver 0-0: Ball
1-0: Called Strike
1-1: Swinging Strike
1-2: Ball
2-2: Ball
3-2: Foul Ball, location: 2F
3-2: Foul Ball, location: 2F
3-2: Fly out, F8 (Flyball, 8LS)
Batting: LHB Alberto Medine 0-0: Called Strike
0-1: Foul Ball, location: 2F
0-2: Ball
1-2: Ground out 4-3 (Groundball, 34)
Bottom of the 3rd over - 0 run(s), 0 hit(s), 0 error(s), 0 left on base; Spokane 0 - Lansing 0
TOP OF THE 4TH
Spokane Trappers batting - Pitching for Lansing Lugnuts : RHP Joo-hyun Chong
Batting: RHB Pedro Rodríguez 0-0: Ball
1-0: Ball
2-0: SINGLE (Groundball, 56)
Batting: SHB Esteban Silva 0-0: Called Strike
0-1: Ball
1-1: Swinging Strike
1-2: Ball
2-2: Foul Ball, location: 2F
2-2: Strikes out looking
Batting: LHB José Feliciano 0-0: Fly out, F7 (Flyball, 78XD)
Runner from 1st tags up, SAFE at 2nd
Batting: RHB Ramiro Ross 0-0: Swinging Strike
0-1: Ball
1-1: Called Strike
1-2: Ball
2-2: Ball
3-2: Foul Ball, location: 2F
3-2: Strikes out looking
Top of the 4th over - 0 run(s), 1 hit(s), 0 error(s), 1 left on base; Spokane 0 - Lansing 0
BOTTOM OF THE 4TH
Lansing Lugnuts batting - Pitching for Spokane Trappers : RHP Andrew Kirk
Batting: LHB Sam Barnes 0-0: Ball
1-0: Fly out, F8 (Flyball, 8LM)
Batting: RHB Jeff Packard 0-0: Ball
1-0: Called Strike
1-1: Ball
2-1: Ground out 6-3 (Groundball, 6)
Batting: RHB Júlio Caraballo 0-0: Fly out, F3 (Popup, 3F)
Bottom of the 4th over - 0 run(s), 0 hit(s), 0 error(s), 0 left on base; Spokane 0 - Lansing 0
TOP OF THE 5TH
Spokane Trappers batting - Pitching for Lansing Lugnuts : RHP Joo-hyun Chong
Batting: LHB Pete Carter 0-0: Called Strike
0-1: Bunted foul
0-2: Fly out, F8 (Flyball, 8LS)
Batting: LHB Fernando Pérez 0-0: Foul Ball, location: 2F
0-1: Foul Ball, location: 2F
0-2: Foul Ball, location: 2F
0-2: Ground out U3 (Groundball, 3L)
Batting: RHB Ernesto Acosta 0-0: Ball
1-0: Foul Ball, location: 2F
1-1: Fly out, F8 (Flyball, 8RM)
Top of the 5th over - 0 run(s), 0 hit(s), 0 error(s), 0 left on base; Spokane 0 - Lansing 0
BOTTOM OF THE 5TH
Lansing Lugnuts batting - Pitching for Spokane Trappers : RHP Andrew Kirk
Batting: LHB Ricardo Romero 0-0: Called Strike
0-1: Ground out 6-3 (Groundball, 6)
Batting: LHB Francisco Marino 0-0: Ground out 6-3 (Groundball, 6M)
Batting: RHB Phil Matthews 0-0: Fly out, F7 (Flyball, 7LM)
Bottom of the 5th over - 0 run(s), 0 hit(s), 0 error(s), 0 left on base; Spokane 0 - Lansing 0
TOP OF THE 6TH
Spokane Trappers batting - Pitching for Lansing Lugnuts : RHP Joo-hyun Chong
Batting: LHB Jaime Padilla 0-0: Ball
1-0: Called Strike
1-1: Foul Ball, location: 2F
1-2: Strikes out swinging
Batting: RHB John Craig 0-0: Called Strike
0-1: Ball
1-1: Fly out, F7 (Flyball, 78M)
Batting: RHB Pedro Rodríguez 0-0: Ball
1-0: Foul Ball, location: 2F
1-1: Called Strike
1-2: Foul Ball, location: 2F
1-2: Ball
2-2: Fly out, F9 (Flyball, 9M)
Top of the 6th over - 0 run(s), 0 hit(s), 0 error(s), 0 left on base; Spokane 0 - Lansing 0
BOTTOM OF THE 6TH
Lansing Lugnuts batting - Pitching for Spokane Trappers : RHP Andrew Kirk
Batting: RHB Sadao Kimura 0-0: Foul Ball, location: 2F
0-1: Ball
1-1: Foul Ball, location: 2F
1-2: SINGLE (Line Drive, 56)
Batting: RHB Matt Silver 0-0: Ball
1-0: Ball
2-0: Called Strike
2-1: Ball
3-1: Fielders Choice at 2nd, 6-4 (Groundball, 6M)
Batting: LHB Alberto Medine 0-0: Ball
1-0: Foul Ball, location: 2F
1-1: Ball
2-1: Swinging Strike
2-2: Ball
3-2: Foul Ball, location: 2F
3-2: Fly out, F9 (Flyball, 89M)
Batting: LHB Sam Barnes 0-0: Ball
1-0: Called Strike
1-1: Foul Ball, location: 2F
1-2: Strikes out looking
Bottom of the 6th over - 0 run(s), 1 hit(s), 0 error(s), 1 left on base; Spokane 0 - Lansing 0
TOP OF THE 7TH
Spokane Trappers batting - Pitching for Lansing Lugnuts : RHP Joo-hyun Chong
Batting: SHB Esteban Silva 0-0: Called Strike
0-1: Swinging Strike
0-2: Ball
1-2: Strikes out looking
Batting: LHB José Feliciano 0-0: Ball
1-0: Ball
2-0: Fly out, F7 (Flyball, 78S)
Batting: RHB Ramiro Ross 0-0: SINGLE (Line Drive, 3D)
Batting: LHB Pete Carter 0-0: Swinging Strike
0-1: Called Strike
0-2: Ball
Wild Pitch!
Ramiro Ross to second
1-2: Ground out 5-3 (Groundball, 56)
Top of the 7th over - 0 run(s), 1 hit(s), 0 error(s), 1 left on base; Spokane 0 - Lansing 0
BOTTOM OF THE 7TH
Lansing Lugnuts batting - Pitching for Spokane Trappers : RHP Andrew Kirk
Batting: RHB Jeff Packard 0-0: Ball
1-0: Called Strike
1-1: Ball
2-1: Ball
3-1: Base on Balls
Pitching: RHP José Navarro
Batting: RHB Júlio Caraballo 0-0: Swinging Strike
0-1: Ball
Jeff Packard is caught stealing 2nd base
1-1: Ball
2-1: Foul Ball, location: 2F
2-2: Ball
3-2: Foul Ball, location: 2F
3-2: Fly out, F8 (Flyball, 8LS)
Batting: LHB Ricardo Romero 0-0: Called Strike
0-1: Called Strike
0-2: Ball
1-2: SINGLE (Flyball, 8LS)
Pinch Runner at 1st Mitsuoki Taguchi:
Batting: LHB Francisco Marino 0-0: Ball
Mitsuoki Taguchi is caught stealing 2nd base
Bottom of the 7th over - 0 run(s), 1 hit(s), 0 error(s), 0 left on base; Spokane 0 - Lansing 0
TOP OF THE 8TH
Spokane Trappers batting - Pitching for Lansing Lugnuts : RHP Joo-hyun Chong
Now at 3B: Mitsuoki Taguchi
Batting: LHB Fernando Pérez 0-0: DOUBLE (Line Drive, 9LM)
Batting: RHB Ernesto Acosta 0-0: Intentional Walk
Batting: LHB Jaime Padilla 0-0: Bunted foul
0-1: Sac Bunt - play at first, batter OUT! 1-4
Fernando Pérez to third
Ernesto Acosta to second
Pinch Hitting: LHB Melvin White 0-0: Intentional Walk
Pinch Hitting: RHB Toru Nakanishi 0-0: Called Strike
0-1: Grounds into double play, 6-4-3 (Groundball, 56)
Top of the 8th over - 0 run(s), 1 hit(s), 0 error(s), 2 left on base; Spokane 0 - Lansing 0
BOTTOM OF THE 8TH
Lansing Lugnuts batting - Pitching for Spokane Trappers : RHP José Navarro
Now at 2B: Clyde Kelley
Now at 3B: Enrico Rodríguez
Batting: LHB Francisco Marino 0-0: Foul Ball, location: 2F
0-1: Ball
1-1: Foul Ball, location: 2F
1-2: Ball
2-2: Ground out U3 (Groundball, 3S)
Batting: RHB Phil Matthews 0-0: Ball
1-0: SINGLE (Groundball, 25) (infield hit)
Pinch Runner at 1st Héctor Rentería:
Batting: RHB Sadao Kimura 0-0: Called Strike
0-1: Foul Ball, location: 2F
0-2: Ball
1-2: Ball
2-2: Ball
3-2: Ground out 6-3 (Groundball, 6)
Héctor Rentería to second
Batting: RHB Matt Silver 0-0: Ball
1-0: Ground out 6-3 (Groundball, 6)
Bottom of the 8th over - 0 run(s), 1 hit(s), 0 error(s), 1 left on base; Spokane 0 - Lansing 0
TOP OF THE 9TH
Spokane Trappers batting - Pitching for Lansing Lugnuts : RHP Joo-hyun Chong
Batting: SHB Esteban Silva 0-0: Ball
1-0: Called Strike
1-1: Swinging Strike
1-2: SINGLE (Line Drive, 89M)
Pitching: RHP Kosami Tagawa
Batting: LHB José Feliciano 0-0: Foul Ball, location: 2F
0-1: Called Strike
0-2: Ball
1-2: Strikes out swinging
Batting: RHB Ramiro Ross 0-0: Ball
1-0: Ground out 3-1 (Groundball, 34S)
Esteban Silva to second
Batting: LHB Pete Carter 0-0: Ball
1-0: Called Strike
1-1: Ground out 5-3 (Groundball, 5)
Top of the 9th over - 0 run(s), 1 hit(s), 0 error(s), 1 left on base; Spokane 0 - Lansing 0
BOTTOM OF THE 9TH
Lansing Lugnuts batting - Pitching for Spokane Trappers : RHP José Navarro
Pitching: RHP Ching-wei Zi
Batting: LHB Alberto Medine 0-0: Ball
1-0: Ball
2-0: Ball
3-0: Base on Balls
Pinch Runner at 1st Carlos Pérez:
Batting: LHB Sam Barnes 0-0: Called Strike
Carlos Pérez is caught stealing 2nd base
0-1: Ball
1-1: Ball
2-1: SOLO HOME RUN (Flyball, 9D), Distance : 388 ft
This league is powered by Out of the Park Baseball, the baseball management simulation game for PC, Mac and Linux
Saturday, April 9th, 2016 - OOTP Baseball 16.8 Build 38